 Dungeon Crawl Stone Soup version 0.29.1-2-gbd0b4ee654 (webtiles) character file.

Game seed: 6705292219575736488

585 hawla the Chiller (level 7, -2/50 HPs)
             Began as a Meteoran Ice Elementalist on Nov 30, 2022.
             Slain by a gnoll
             ... wielding a +0 flail
              (7 damage)
             ... on level 3 of the Dungeon.
             The game lasted 00:12:29 (1081 turns).

hawla the Chiller (Meteoran Ice Elementalist)       Turns: 1081, Time: 00:12:30

Health: -2/50      AC:  4    Str: 11    XL:     7   Next: 97%
Magic:  0/15       EV: 12    Int: 18    God:
Gold:   105        SH:  0    Dex: 14    Spells: 7/15 levels left

rFire   . . .      SeeInvis .   (no weapon)
rCold   . . .      Faith    .   (no shield)
rNeg    . . .      Spirit   .   f - +2 robe {Will+}
rPois   .          Reflect  .   (no helmet)
rElec   .          Harm     .   (no cloak)
rCorr   +          Rampage  .   (no gloves)
Will    +....                   (no boots)
Stlth   +.........              (no amulet)
HPRegen 0.16/turn               c - ring of resist corrosion
MPRegen 0.14/turn               (no ring)

@: mighty, glowing
A: sense surroundings 1, otherworldly, glowing, explore regen
a: no special abilities


You were on level 3 of the Dungeon.
You visited 1 branch of the dungeon, and saw 4 of its levels.

You collected 105 gold pieces.

Inventory:

Armour
 f - a +2 robe of willpower (worn)
Jewellery
 c - a ring of resist corrosion (left hand)
Wands
 e - a wand of mindburst (22) (quivered)


   Skills:
 + Level 0.2 Fighting
 + Level 2.8 Dodging
 - Level 1.5 Stealth
 + Level 4.9 Spellcasting
 + Level 4.3 Conjurations
 + Level 7.4 Ice Magic


You had 7 spell levels left.
You knew the following spells:

 Your Spells              Type           Power      Damage    Failure   Level
a - Freeze                Ice            100%       1d11      1%          1
b - Frozen Ramparts       Ice            62%        1d10      1%          3
c - Hailstorm             Conj/Ice       25%        3d7       12%         4

Your spell library contained the following spells:

 Spells                   Type           Power      Damage    Failure   Level
 Ozocubu's Armour         Ice            31%        N/A       1%          3
 Gell's Gravitas          Tloc           4%         N/A       38%         3
 Lesser Beckoning         Tloc           4%         N/A       38%         3
 Teleport Other           Tloc           4%         N/A       38%         3
 Animate Armour           Summ/Erth      8%         N/A       80%         4
 Borgnjor's Revivificati  Necr           2%         N/A       100%        8
 Infestation              Necr           2%         N/A       100%        8


Dungeon Overview and Level Annotations

Branches:
Dungeon (4/15) Zot: 1311
 Temple: D:4-7

Altars:
Dithmenos
Makhleb
Nemelex Xobeh

Shops:
D:4 (


Innate Abilities, Weirdness & Mutations

You passively map a small area around you.
You are easily found by Zot.
You glow in the dark.
You regain HP and MP as you explore.


Message History

The wall freezes the gnoll sergeant.
The gnoll sergeant hits you from afar with a +1 spear of pain!
You writhe in agony.
* * * LOW HITPOINT WARNING * * *
The wall freezes the gnoll sergeant.
The gnoll sergeant barely misses you.
The wall freezes the gnoll.
The wall freezes the gnoll sergeant.
The gnoll sergeant hits you from afar with a +1 spear of pain!
* * * LOW HITPOINT WARNING * * *
The wall freezes the gnoll.
You kill the gnoll!
The wall freezes the gnoll sergeant.
The gnoll sergeant hits you but does no damage.
You writhe in agony.
* * * LOW HITPOINT WARNING * * *
Casting: Frozen Ramparts (safe; 1% risk of failure)
Confirm with . or Enter, or press ? or * to list all spells.
You cannot sustain more frozen ramparts right now.
The wall freezes the gnoll sergeant but does no damage.
The gnoll sergeant misses you.
The wall freezes the gnoll!
Casting: Frozen Ramparts (safe; 1% risk of failure)
Confirm with . or Enter, or press ? or * to list all spells.
The spell is quite dangerous to miscast (13% risk of failure)!
Continue anyway?
Casting: Hailstorm (quite dangerous; 13% risk of failure)
Press: ? - help, Dir - look around, f - activate A cannonade of hail descends around you!
The hail pelts the gnoll sergeant!
You kill the gnoll sergeant!
The hail pelts the gnoll!
You kill the gnoll!
The frozen ramparts melt away.
As you read the scroll labelled TEIROOC IRGHEZ, it crumbles to dust.
It is a scroll of amnesia.
Really abort (and waste the scroll)? [Y]es or [N]o only, please.
Really abort (and waste the scroll)?
Okay, then.
You feel very mighty all of a sudden. The gnoll hits you with a +0 flail!
You die...

* * #######** , , ,
....P. , ..... , ~
~ ~ ~ ~~≈~ * ~~ ~ ~
~~ ≈≈≈ ~ ~~ ##### ,
, ,,#...#~
###############.@.#
,
#[.....)gg....#g###
,,
######)###....#)#,
~
o...g..#?#.g..#)#,
o.g.o..#(##)###.#
,,
.......#$#..o...# ~
.......+.#....))# ,
###############)#
,,
..#...........#.# ~
,


You could see a gnoll.

Vanquished Creatures
  Duvessa (D:4)
  A phantom (D:4)
  A gnoll sergeant (D:3)
  Dowan (D:4)
  An orc priest (D:3)
  2 hounds (D:4)
  2 orc wizards
  7 gnolls (D:3)
  An adder (D:3)
  2 dart slugs (D:3)
  24 orcs
  2 endoplasms
  A giant cockroach (D:4)
  2 goblins
  2 hobgoblins (D:4)
  3 jackals (D:3)
  4 kobolds
  3 quokkas (D:2)
  3 ball pythons
  2 bats
  A frilled lizard (D:2)
  2 rats (D:2)
68 creatures vanquished.

Notes
Turn   | Place    | Note
-------+----------+-------------------------------------------
     0 | D:1      | hawla the Meteoran Ice Elementalist began the quest for the
                  | Orb.
     0 | D:1      | Reached XP level 1. HP: 14/14 MP: 5/5
    23 | D:1      | Reached XP level 2. HP: 15/20 MP: 2/6
   162 | D:3      | Reached skill level 5 in Ice Magic
   162 | D:3      | Reached XP level 3. HP: 25/26 MP: 4/8
   166 | D:3      | Learned a level 3 spell: Frozen Ramparts
   244 | D:3      | Reached XP level 4. HP: 11/33 MP: 5/9
   278 | D:3      | Reached skill level 6 in Ice Magic
   278 | D:3      | Reached XP level 5. HP: 8/38 MP: 0/10
   330 | D:4      | Got Sif Muna's Teachings on the Allied Grave
   360 | D:4      | Reached XP level 6. HP: 36/45 MP: 2/13
   365 | D:4      | Learned a level 4 spell: Hailstorm
   418 | D:4      | Found a shadowy altar of Dithmenos.
   525 | D:4      | Found a sparkling altar of Nemelex Xobeh.
   572 | D:4      | Found Gat Pint's Weapon Emporium.
   615 | D:4      | Reached skill level 7 in Ice Magic
   665 | D:4      | Noticed Duvessa
   665 | D:4      | Noticed Dowan
   669 | D:4      | Killed Duvessa
   670 | D:4      | Reached XP level 7. HP: 18/50 MP: 8/14
   671 | D:4      | Killed Dowan
   790 | D:4      | Found a burning altar of Makhleb.
  1081 | D:3      | Slain by a gnoll

Illustrated notes

Levels and vault maps discovered:
D:1:      wander_arrival_desolate, layout_loops_ring, nrook_campfire
D:2:      layout_basic, minmay_close_crescents
D:3:      lemuel_castle_with_subvaults [lemuel_castle_interior_carwin_1],
          layout_rooms, nicolae_qazlal_general_emergency,
          shapermc_ecumenical_altar_petra
D:4:      layout_loops_cross, grunt_dithmenos_smoke,
          mainiacjoe_overflow_big_doors, nicolae_stop_n_shop_1, uniq_duvessa

Skill      XL: |  1  2  3  4  5  6  7 |
---------------+----------------------+-----
Ice Magic      | 5 6 7 |  7.4
Spellcasting   | 3 4 |  4.9
Conjurations   | 3 4 |  4.3
Fighting       | |  0.2
Dodging        | |  2.8
Stealth        | |  1.5

Action                   |  1- 3 |  4- 6 |  7- 9 || total
-------------------------+-------+-------+-------++-------
Melee: Unarmed           |    10 |    13 |     6 ||    29
 Cast: Freeze            |    26 |    14 |     9 ||    49
       Frozen Ramparts   |     5 |     6 |     8 ||    19
       Hailstorm         |       |       |     4 ||     4
Evoke: Wand              |       |     5 |     2 ||     7
  Use: Scroll            |     2 |     2 |     1 ||     5
       Potion            |     1 |     3 |     2 ||     6
Armor: Robe              |    10 |     2 |     1 ||    13
       Skin              |       |     8 |       ||     8
Dodge: Dodged            |    26 |    10 |    13 ||    49
